 Dungeon Crawl Stone Soup version 0.22-a0-443-g17c3723 (webtiles) character file.

2968 tilp the Spear-Bearer (level 9, -2/65 HPs)
             Began as a Merfolk Ice Elementalist on June 1, 2018.
             Was an Initiate of Makhleb.
             Slain by a troll (9 damage)
             ... on level 6 of the Dungeon.
             The game lasted 00:28:03 (9890 turns).

tilp the Spear-Bearer (Merfolk Ice Elementalist)    Turns: 9890, Time: 00:28:04

Health: -2/65      AC: 12    Str:  8    XL:     9   Next: 82%
Magic:  2/12       EV: 17    Int: 18    God:    Makhleb [......]
Gold:   321        SH:  0    Dex: 14    Spells: 6/12 levels left

rFire    . . .     SeeInvis .   t - +2 spear (flame)
rCold    . . .     Gourm    .   (no shield)
rNeg     . . .     Faith    .   a - +0 robe
rPois    .         Spirit   .   z - +0 helmet
rElec    .         Reflect  .   i - +2 cloak
rCorr    .         Harm     .   (no gloves)
MR       .....                  (no boots)
Stlth    ++........             s - amulet of the acrobat
HPRegen  0.20/turn              (no ring)
MPRegen  0.13/turn              (no ring)

@: icy armour
A: change form in water, swift swim, stealthy swim
a: Renounce Religion


You were on level 6 of the Dungeon.
You worshipped Makhleb.
Makhleb was noncommittal.
You were very hungry.

You visited 1 branch of the dungeon, and saw 7 of its levels.

You collected 321 gold pieces.

Inventory:

Hand Weapons
 b - a +0 spear
 j - a +0 short sword of protection
 n - a +0 hunting sling
 r - a +2 hand axe of distortion
 t - a +2 spear of flaming (weapon)
Missiles
 y - 12 tomahawks (quivered)
Armour
 a - a +0 robe (worn)
 i - a +2 cloak (worn)
 z - a +0 helmet (worn)
Jewellery
 d - a +4 ring of protection {unknown}
 k - an uncursed ring of protection from magic {unknown}
 s - an amulet of the acrobat (around neck)
 D - an uncursed amulet of harm {unknown}
Wands
 B - a wand of iceblast (4)
 C - a wand of polymorph (21)
Scrolls
 e - a scroll of fear {unknown}
 f - 3 scrolls of teleportation
 l - a scroll of enchant armour {unknown}
 m - a scroll of magic mapping {unknown}
 w - 2 scrolls of remove curse {unknown}
 x - 2 scrolls of amnesia {unknown}
 A - a scroll of random uselessness {unknown}
Potions
 g - 2 potions of flight
 h - a potion of might {unknown}
 o - 4 potions of curing
 q - a potion of ambrosia {unknown}
 u - 2 potions of mutation
 v - a potion of brilliance {unknown}
Comestibles
 c - 8 rations


   Skills:
 - Level 4.2 Fighting
 - Level 12.0 Polearms
 - Level 8.0 Dodging
 - Level 2.1 Stealth
 - Level 2.0 Spellcasting
 - Level 0.7 Conjurations
 - Level 3.0 Charms
 + Level 7.8 Ice Magic


You had 6 spell levels left.
You knew the following spells:

 Your Spells              Type           Power        Failure   Level  Hunger
a - Freeze                Ice            ####         1%          1    #......
b - Throw Frost           Conj/Ice       ###...       4%          2    ###....
c - Ozocubu's Armour      Chrm/Ice       ###.....     6%          3    ###....

Your spell library contained the following spells:

 Spells                   Type           Power        Failure   Level  Hunger
 Summon Ice Beast         Ice/Summ       ###.....     36%         4    #####..
 Throw Icicle             Conj/Ice       ###.....     30%         4    #####..


Dungeon Overview and Level Annotations

Branches:
Dungeon (7/15)             Temple (0/1) D:7

Altars:
Ashenzari
Cheibriados
Dithmenos
Fedhas
Makhleb
Qazlal
Trog
Vehumet
Xom
Yredelemnul

Annotations:
D:4 Saeniel's ghost, amateur DEFE
D:6 Menkaure
D:7 Gorglomux's ghost, novice GrFi


Message History

You freeze the troll.
The troll is severely wounded.
The troll bites you! The troll closely misses you.
The troll completely misses you.
Casting: Freeze (safe; 1% risk of failure)
Confirm with . or Enter, or press ? or * to list all spells.
Aiming: Freeze (safe; 1% risk of failure)
Press: ? - help, Shift-Dir - straight line, f/p - troll
Aim: a troll (severely wounded)
You freeze the troll.
The troll is severely wounded.
The troll bites you! The troll claws you!
* * * LOW HITPOINT WARNING * * *
The troll barely misses you.
You feel better. The troll barely misses you.
The troll claws you but does no damage. The troll barely misses you.
You feel better. The troll bites you!!
* * * LOW HITPOINT WARNING * * *
The troll claws you!
You die...

#.# ##.##.### #.)# #
#.###.......# #..###
#........#.## ##).##
###........#####...#.
####.#..######........
#....#..# ##.........
#......## #..........
##....T######..........
##....#@................
#.....#######...........
##.....# ##..........
#..##### #.........>
#..# ##......... #.##
##.....#.. ### #########


You could see a troll.

Vanquished Creatures
  An ugly thing (D:6)
  Joseph (D:7)
  A hippogriff (D:7)
  A soldier ant (D:7)
  A sky beast (D:7)
  Purgy (D:3)
  A phantom (D:7)
  3 ogres
  3 centaurs
  A crocodile (D:7)
  2 bullfrogs (D:7)
  A scorpion (D:6)
  2 bullfrog zombies (D:7)
  5 hounds
  2 orc priests (D:3)
  2 centaur skeletons
  3 jellies
  2 orc wizards
  5 worker ants
  A killer bee zombie (D:6)
  A worker ant zombie (D:7)
  4 gnolls (D:3)
  11 adders
  2 shadow imps
  An ooze (D:3)
  3 adder skeletons
  5 worms
  A dart slug (D:1)
  2 leopard geckos
  12 orcs
  9 bats
  3 giant cockroaches
  4 goblins
  10 hobgoblins
  3 iguanas
  23 jackals
  A quokka (D:5)
  3 ball pythons
  5 frilled lizards
  6 kobolds
  6 rats
154 creatures vanquished.

Notes
Turn   | Place    | Note
-------+----------+-------------------------------------------
     0 | D:1      | tilp the Merfolk Ice Elementalist began the quest for the Orb.
     0 | D:1      | Reached XP level 1. HP: 13/13 MP: 3/3
   244 | D:1      | Reached XP level 2. HP: 18/19 MP: 1/5
   481 | D:1      | Learned a level 2 spell: Throw Frost
  1032 | D:1      | Reached XP level 3. HP: 21/24 MP: 6/6
  1473 | D:1      | Found a bloodstained altar of Trog.
  1528 | D:1      | Learned a level 3 spell: Ozocubu's Armour
  1587 | D:2      | Reached skill level 5 in Ice Magic
  1979 | D:2      | Reached XP level 4. HP: 24/30 MP: 0/7
  2606 | D:2      | Reached XP level 5. HP: 35/35 MP: 3/8
  2758 | D:2      | Found a shimmering altar of Xom.
  2899 | D:3      | Found a snail-covered altar of Cheibriados.
  3345 | D:3      | Noticed Purgy
  3468 | D:3      | Found a shadowy altar of Dithmenos.
  3486 | D:3      | Found a blossoming altar of Fedhas.
  3752 | D:3      | Reached skill level 1 in Fighting
  3752 | D:3      | Reached XP level 6. HP: 43/44 MP: 6/9
  4242 | D:3      | Killed Purgy
  4636 | D:4      | Reached XP level 7. HP: 48/54 MP: 8/10
  4920 | D:4      | Found a shattered altar of Ashenzari.
  5027 | D:4      | Found a radiant altar of Vehumet.
  5207 | D:4      | Noticed Saeniel's ghost (amateur DEFE)
  5932 | D:4      | Reached skill level 5 in Dodging
  6198 | D:5      | Entered Level 5 of the Dungeon
  7238 | D:5      | Found a basalt altar of Yredelemnul.
  7239 | D:5      | Found a burning altar of Makhleb.
  7241 | D:5      | Found a stormy altar of Qazlal.
  7249 | D:5      | Became a worshipper of Makhleb the Destroyer
  7403 | D:6      | Reached XP level 8. HP: 60/60 MP: 6/11
  7403 | D:6      | Noticed Menkaure
  7544 | D:6      | Reached skill level 1 in Charms
  7647 | D:6      | Reached skill level 1 in Polearms
  8276 | D:6      | Noticed a two-headed ogre
  8326 | D:6      | Reached skill level 3 in Polearms
  8668 | D:7      | Reached skill level 4 in Polearms
  8673 | D:7      | Reached skill level 5 in Polearms
  8708 | D:7      | Noticed a hippogriff
  8715 | D:7      | Killed a hippogriff
  8715 | D:7      | Reached skill level 7 in Polearms
  8811 | D:7      | Reached skill level 8 in Polearms
  8811 | D:7      | Reached XP level 9. HP: 55/65 MP: 6/12
  8830 | D:7      | Noticed Gorglomux's ghost (novice GrFi)
  8891 | D:7      | Reached skill level 9 in Polearms
  8994 | D:7      | Found a staircase to the Ecumenical Temple.
  9171 | D:7      | Noticed Joseph
  9189 | D:7      | Killed Joseph
  9189 | D:7      | Reached skill level 10 in Polearms
  9371 | D:7      | Noticed a purple ugly thing
  9420 | D:6      | Killed a purple ugly thing
  9420 | D:6      | Reached skill level 12 in Polearms
  9873 | D:7      | Noticed a troll
  9890 | D:6      | Slain by a troll

Vault maps used:
D:1:      dpeg_arrival_lava_altar
D:2:      first_ration, dk_xom_monty_hall
D:3:      fedhas_altar_1, nicolae_overflow_crystal_walls, cheibriados_altar_1,
          uniq_purgy
D:4:      kennysheep_little_box, lemuel_round_altar
D:5:      grunt_temple_overflow_open
D:6:      uniq_menkaure
D:7:      minmay_the_grid_four_pointed_star, old_standard_altar,
          minmay_temple_entry_statues_fountains, uniq_joseph

Skill      XL: |  1  2  3  4  5  6  7  8  9 |
---------------+----------------------------+-----
Ice Magic      | 4 5 6 7 |  7.8
Fighting       | 1 4 |  4.2
Dodging        | 3 7 8 |  8.0
Charms         | 3 |  3.0
Polearms       | 8 12 | 12.0
Stealth        | |  2.1
Spellcasting   | |  2.0
Conjurations   | |  0.7

Action                   |  1- 3 |  4- 6 |  7- 9 || total
-------------------------+-------+-------+-------++-------
Melee: Dagger            |     1 |       |       ||     1
       Short sword       |    68 |   182 |   170 ||   420
       Spear             |       |       |   138 ||   138
Throw: Stone             |     3 |     1 |       ||     4
       Tomahawk          |       |       |    10 ||    10
 Cast: Freeze            |    37 |    61 |   125 ||   223
       Throw Frost       |     3 |     2 |    18 ||    23
       Ozocubu's Armour  |     2 |    13 |    41 ||    56
  Use: Scroll            |       |       |     7 ||     7
       Potion            |       |       |     2 ||     2
 Stab: Sleeping          |     2 |     8 |     2 ||    12
  Eat: Chunk             |     4 |    12 |    17 ||    33
       Ration            |       |       |     2 ||     2
Armor: Robe              |    42 |   102 |   100 ||   244
Dodge: Dodged            |    69 |   177 |   315 ||   561

Table legend:
 A = Spawn XP
 B = Non-spawn XP
 C = Spawn XP percentage of total XP
 D = Spawn monster count
 E = Non-spawn monster count
 F = Spawn count percentage of total count
 G = Total turns spent on level
                    A         B        C        D         E        F      G
               +---------+---------+-------+---------+---------+-------+---------
         Total |       0 |    4240 |   0.0 |       0 |     154 |   0.0 |  9890
               +---------+---------+-------+---------+---------+-------+---------
           D:1 |       0 |      37 |   0.0 |       0 |      22 |   0.0 |  1575
           D:2 |       0 |     177 |   0.0 |       0 |      26 |   0.0 |  1305
           D:3 |       0 |     389 |   0.0 |       0 |      37 |   0.0 |  1783
           D:4 |       0 |     257 |   0.0 |       0 |      22 |   0.0 |  1714
           D:5 |       0 |     320 |   0.0 |       0 |      14 |   0.0 |  1323
           D:6 |       0 |    1150 |   0.0 |       0 |      12 |   0.0 |  1191
           D:7 |       0 |    1910 |   0.0 |       0 |      21 |   0.0 |   999
               +---------+---------+-------+---------+---------+-------+---------
